 Dungeon Crawl Stone Soup version 0.31.0-9-g3a7656b989 (webtiles) character file.

Game seed: 14605803811365311091

10 EnegeticOcto the Ruffian (level 2, 29/29 HPs)
             Began as a Troll Monk on Jan 31, 2024.
             Quit the game on level 1 of the Dungeon.
             The game lasted 00:00:21 (612 turns).

EnegeticOcto the Ruffian (Troll Monk)                Turns: 612, Time: 00:00:21

Health: 29/29      AC:  4    Str: 18    XL:     2   Next: 10%
Magic:  1/1        EV: 10    Int:  6    God:
Gold:   35         SH:  0    Dex: 12    Spells: 1/1 levels left

rFire   . .          .
                       - Unarmed
rCold   . . .        c - orb {light}
rNeg    . . .        a - +0 robe
rPois   .            (helmet restricted)
rElec   .            (no cloak)
rCorr   .            (gloves unavailable)
SInv    .            (boots unavailable)
Will    .....        (no amulet)
Stlth   +            (no ring)
HPRegen 1.04/turn    (no ring)
MPRegen 0.07/turn

%: no passive effects
@: glowing
A: large, unfitting armour, claws 3, regeneration 1, shaggy fur 1, tough skin 1
a: no special abilities


You were on level 1 of the Dungeon.
You visited 1 branch of the dungeon, and saw 2 of its levels.

You collected 35 gold pieces.

Inventory:

Armour
 a - a +0 robe (worn)
 c - an orb of light (worn)
Scrolls
 f - a scroll of identify {unknown}
 h - a scroll of torment {unknown}
Potions
 b - a potion of ambrosia
 d - a potion of attraction {unknown}
 e - a potion of degeneration {unknown}
 g - a potion of curing {unknown}


   Skills:
 + Level 2.5 Fighting
 + Level 2.5 Dodging
 * Level 3.3 Unarmed Combat


You had one spell level left.
You didn't know any spells.
Your spell library was empty.

Dungeon Overview and Level Annotations

Branches:
Dungeon (2/15) Zot: 11388

Altars:


Innate Abilities, Weirdness & Mutations

You are too large for most types of armour.
You have claws for hands.
Your natural rate of healing is unusually fast.
You are covered in fur. (AC +1)
You have tough skin. (AC +1)


Message History

Found a faded altar of an unknown god.
There is a faded altar of an unknown god here.
Found a stone staircase leading down.
Found 6 stones.
No target in view!
No target in view!
No target in view!
No target in view!
No target in view!
No target in view!
No target in view!
No target in view!
No target in view!
Found a stone staircase leading down.
You see here 6 stones.
A rat comes into view.
The rat squeaks loudly.
The rat twitches its whiskers.
A rat is nearby!
A rat is nearby!
The rat barely misses you.
You scratch the rat.
The rat is moderately wounded.
The rat closely misses you.
You scratch the rat.
The rat is severely wounded.
The rat barely misses you.
You claw the rat!
You kill the rat!
No target in view!
No target in view!
No target in view!
No target in view!
You now have 35 gold pieces (gained 14).
A quokka comes into view.
A quokka is nearby!
A quokka is nearby!
A quokka is nearby!
The quokka bites you.
You claw the quokka!
You kill the quokka!
No target in view!
No target in view!
No target in view!
No target in view!
No target in view!
HP restored.
A goblin and a hobgoblin come into view.
The hobgoblin shouts!
You hear a loud squeak.
There are monsters nearby!
There are monsters nearby!
There are monsters nearby!
You scratch the goblin.
The goblin is moderately wounded.
The goblin hits you but does no damage.
You scratch the goblin.
You kill the goblin!
The hobgoblin hits you.
A rat comes into view.
You have reached level 2!
You claw the hobgoblin!
You kill the hobgoblin!
Found a blue potion and a scroll labelled QEUMOF PAMP.
You claw the rat!
You kill the rat!
No target in view!
No target in view!
No target in view!
No target in view!
g - a blue potion
h - a scroll labelled QEUMOF PAMP You see here a rat corpse.
You see here a rat corpse.
You see here a +0 robe.
Done exploring.
Done exploring.
No target in view!
No target in view!
No target in view!
No target in view!
No target in view!
No target in view!
No target in view!
Done exploring.
Done exploring.
Done exploring.
Done exploring.
Okay, then.
(D) Dungeon
Where to? (? - help)
There is a stone staircase leading down here.
You climb downwards.
There is a stone staircase leading up here.
Search for what [? for help]? alt You climb upwards.
There is a stone staircase leading down here.
There is a faded altar of an unknown god here.
This altar belongs to (a) Okawaru, (b) the Shining One or (c) Hepliaklqana, but you can't tell which.
Press the corresponding letter to learn more about a god, or press enter to convert or escape to cancel.
Okay, then.
Are you sure you want to abandon this character and quit the game? (Confirm with "yes".)

###########
#.........# #####
#.#######.#
#...#####.# #.#
#........@# #.# #
#...####### #.# #
##.## #.# # #.# #.#
# ### #.#
#######.########
..#######.#
#...............
.....>....##
#.########.#####
...........# #.# #.#
.....####..#######.#
#.#####


There were no monsters in sight!

Vanquished Creatures
  2 bats (D:1)
  2 goblins (D:1)
  A hobgoblin (D:1)
  A quokka (D:1)
  3 rats (D:1)
9 creatures vanquished.

Notes
Turn   | Place    | Note
-------+----------+-------------------------------------------
     0 | D:1      | EnegeticOcto the Troll Monk began the quest for the Orb.
     0 | D:1      | Reached XP level 1. HP: 22/22 MP: 0/0
   405 | D:1      | Found a faded altar of an unknown god.
   536 | D:1      | Reached XP level 2. HP: 23/29 MP: 1/1
   612 | D:1      | Quit the game

Illustrated notes

Levels and vault maps discovered:
D:1:      dpeg_arrival_fog, layout_loops_ring, basic_ecumenical_altar,
          minmay_cupped
D:2:      layout_basic, uniq_terence, uniq_jessica, uniq_natasha

Action                     || total
---------------------------++-------
  Melee: Unarmed           ||    15
 Armour: Robe              ||     8
  Dodge: Dodged            ||     6

Table legend:
 A = Kills in this place as a percentage of kills in the entire game.
 B = Kills by you in this place as a percentage of kills by you in the entire game.
 C = Kills by friends in this place as a percentage of kills by friends in the entire game.
 D = Other kills in this place as a percentage of other kills in the entire game.
 E = Experience gained in this place as a percentage of experience gained in the entire game.
 F = Experience gained in this place divided by the number of levels of this place that you have seen.
                   A       B       C       D       E      F
               +-------+-------+-------+-------+-------+----------------------
         Total | 100.0 | 100.0 |   N/A |   N/A | 100.0 |   7.5
       Dungeon | 100.0 | 100.0 |   N/A |   N/A | 100.0 |   7.5
               +-------+-------+-------+-------+-------+----------------------

Table legend: (Time is in decaauts)
 A = Elapsed time spent in this place.
 B = Non-inter-level travel time spent in this place.
 C = Inter-level travel time spent in this place.
 D = Time resting spent in this place.
 E = Time spent auto-exploring this place.
 F = Levels seen in this place.
 G = Mean time per level.
                   A        B        C        D        E       F      G
               +--------+--------+--------+--------+--------+-----+--------+
         Total |    611 |    588 |     23 |      0 |    539 |   2 |  305.5 |
       Dungeon |    611 |    588 |     23 |      0 |    539 |   2 |  305.5 |
               +--------+--------+--------+--------+--------+-----+--------+

Top non-repeatable levels by time:
     D:1: 609 daAuts
     D:2: 1 daAuts
